 Dungeon Crawl Stone Soup version 0.21-a0-260-g9b2435e (webtiles) character file.

109 tidbits the Grave Robber (level 4, 0/33 HPs)
             Began as a Draconian Necromancer on Sept 7, 2017.
             Killed from afar by an orc wizard (12 damage)
             ... with a puff of flame
             ... on level 4 of the Dungeon.
             The game lasted 00:08:19 (1112 turns).

tidbits the Grave Robber (Draconian Necromancer)    Turns: 1112, Time: 00:08:19

Health: 0/33       AC:  5    Str: 10    XL:     4   Next: 60%
Magic:  8/8        EV: 12    Int: 15    God:
Gold:   45         SH:  0    Dex: 13    Spells: 0/8 levels left

rFire    . . .     SeeInvis .   e - +0 dagger
rCold    . . .     Gourm    .   (no shield)
rNeg     . . .     Faith    .   (armour unavailable)
rPois    .         Spirit   .   (helmet restricted)
rElec    .         Reflect  .   (no cloak)
rCorr    .         Harm     .   (no gloves)
MR       .....                  (no boots)
Stlth    +.........             (no amulet)
HPRegen  0.11/turn              j - ring of stealth (curse)
MPRegen  0.11/turn              l - ring of loudness (curse)

@: confused
A: unfitting armour, cold-blooded, AC +5
a: no special abilities


You were on level 4 of the Dungeon.
You were not hungry.

You visited 1 branch of the dungeon, and saw 4 of its levels.

You collected 45 gold pieces.

Inventory:

Hand Weapons
 e - a +0 dagger (weapon)
Missiles
 f - 29 arrows
 g - a throwing net (quivered) {!f}
Jewellery
 j - a cursed ring of stealth (left hand)
   (You found it on level 2 of the Dungeon)
 l - a cursed ring of loudness (right hand)
   (You found it on level 2 of the Dungeon)
Scrolls
 c - a scroll of identify {unknown}
 k - a scroll of magic mapping {unknown}
 m - a scroll of random uselessness
Books
 a - a book of Necromancy

   Spells                             Type                      Level
   a - Pain                           Necromancy                   1
   b - Animate Skeleton               Necromancy                   1
   c - Vampiric Draining              Necromancy                   3
   d - Regeneration                   Charms/Necromancy            3
   e - Animate Dead                   Necromancy                   4
   f - Control Undead                 Necromancy                   4
Comestibles
 b - 3 bread rations
 d - 4 fruits
 h - 3 meat rations


   Skills:
 - Level 1.7 Dodging
 - Level 1.8 Stealth
 + Level 2.9 Spellcasting
 * Level 5.5 Necromancy


You couldn't memorise any spells.
You knew the following spells:

 Your Spells              Type           Power        Failure   Level  Hunger
n - Animate Skeleton      Necr           N/A          1%          1    #......
r - Regeneration          Chrm/Necr      ##........   19%         3    ###....
v - Vampiric Draining     Necr           ###.......   6%          3    ###....
z - Pain                  Necr           ###.         1%          1    #......


Dungeon Overview and Level Annotations

Branches:
Dungeon (4/15)
 Temple: D:4-7

Altars:


Innate Abilities, Weirdness & Mutations

Your plain brown scales are hard. (AC +5)
You cannot fit into any form of body armour.
You are cold-blooded and may be slowed by cold attacks.


Message History

A leopard gecko comes into view.
You hit the howler monkey.
The howler monkey is heavily wounded.
The howler monkey barely misses you.
You hit the howler monkey but do no damage.
The howler monkey is heavily wounded.
The howler monkey barely misses you.
You hit the howler monkey but do no damage.
Your tail-slap misses the howler monkey.
The howler monkey is heavily wounded.
The howler monkey hits you. x2
You closely miss the howler monkey.
The howler monkey is heavily wounded.
The howler monkey closely misses you.
You closely miss the howler monkey.
The howler monkey is heavily wounded.
The howler monkey hits you but does no damage.
You closely miss the howler monkey.
The howler monkey is heavily wounded.
The howler monkey barely misses you.
You hit the howler monkey.
You tail-slap the howler monkey, but do no damage.
The howler monkey is severely wounded.
The howler monkey hits you.
You hit the howler monkey. You tail-slap the howler monkey.
The howler monkey is almost dead.
The howler monkey misses you. The howler monkey closely misses you.
You hit the howler monkey.
You kill the howler monkey!
The orc throws a tomahawk.
The tomahawk barely misses you.
You barely miss the giant cockroach. The giant cockroach barely misses you.
You hit the giant cockroach.
You tail-slap the giant cockroach, but do no damage.
The giant cockroach is moderately wounded.
The giant cockroach barely misses you.
You hit the giant cockroach but do no damage.
The giant cockroach is moderately wounded.
The giant cockroach bites you but does no damage. x2
You barely miss the giant cockroach.
The giant cockroach is moderately wounded.
The giant cockroach bites you but does no damage.
You hit the giant cockroach but do no damage.
Your tail-slap misses the giant cockroach.
The giant cockroach is moderately wounded.
The giant cockroach bites you but does no damage.
You hit the giant cockroach.
The giant cockroach is almost dead.
The giant cockroach misses you. The giant cockroach barely misses you.
You hit the giant cockroach but do no damage.
The giant cockroach is severely wounded.
The giant cockroach barely misses you. The giant cockroach misses you.
You hit the giant cockroach.
You kill the giant cockroach!
The orc throws a tomahawk.
The tomahawk barely misses you. The orc hits you but does no damage.
You see here a giant cockroach corpse.
You hit the orc.
The orc is lightly wounded.
The orc hits you with a mace.
You hit the orc but do no damage.
The orc is lightly wounded.
The orc misses you.
You hit the orc.
The orc is moderately wounded.
You hit the orc.
The orc is heavily wounded.
The orc hits you but does no damage.
You barely miss the orc.
The orc is heavily wounded.
The orc misses you.
You barely miss the orc.
The orc is heavily wounded.
The orc closely misses you.
You hit the orc but do no damage. You tail-slap the orc.
The orc is almost dead.
The orc hits you but does no damage.
You closely miss the orc.
The orc is almost dead.
The orc hits you with a mace.
You barely miss the orc.
Your tail-slap misses the orc.
The orc is almost dead.
You hit the orc.
You kill the orc!
You hear some strange, mumbled words.
You are confused.
Something hits you but does no damage.
Things that are here:
a mace; 2 tomahawks; a leather armour You aren't carrying any potions.
Unknown command.
You bump into the rock wall.
Something hits you.
You're too confused to move!
Something hits you.
You miss something.
Your tail-slap misses something.
Something hits you.
* * * LOW HITPOINT WARNING * * *
You barely miss something.
You hear some strange, mumbled words.
A puff of flame appears from out of thin air!
The puff of flame hits you!
You die...

... l... ...o.
####...o..
#o........
#.##...... #(#
..... #.#########
#.oo{@†...#
#########.######
#.........#######
#................
#.........######.
#.........# #.
#.........# #.
#.........# #.
#.........# #.


You could see 2 orcs.

Vanquished Creatures
  A howler monkey (D:4)
  An adder (D:2)
  An ooze (D:1)
  2 worms
  2 dart slugs
  A leopard gecko (D:1)
  An orc (D:4)
  5 bats
  4 giant cockroaches
  3 goblins
  6 hobgoblins
  4 jackals (D:2)
  5 kobolds
  A quokka (D:2)
  A ball python (D:2)
  2 frilled lizards
  3 rats
43 creatures vanquished.

Vanquished Creatures (collateral kills)
  A rat (D:2)
1 creature vanquished.

Grand Total: 44 creatures vanquished

Notes
Turn   | Place    | Note
-------+----------+-------------------------------------------
     0 | D:1      | tidbits the Draconian Necromancer began the quest for the Orb.
     0 | D:1      | Reached XP level 1. HP: 14/14 MP: 3/3
   156 | D:1      | Reached XP level 2. HP: 10/20 MP: 5/5
   185 | D:1      | HP: 2/20 [dart slug/slug dart (1)]
   247 | D:1      | Learned a level 1 spell: Animate Skeleton
   586 | D:2      | Reached XP level 3. HP: 15/26 MP: 1/6
   710 | D:2      | Learned a level 3 spell: Vampiric Draining
   786 | D:2      | Reached skill level 5 in Necromancy
  1007 | D:4      | Reached XP level 4. HP: 32/33 MP: 6/8
  1013 | D:4      | Learned a level 3 spell: Regeneration
  1112 | D:4      | Killed from afar by an orc wizard

Vault maps used:
D:1:      roderic_crop_circles_arrival_small
D:2:      fiery_altar_vehumet
D:3:      grunt_gozag_statues

Skill      XL: |  1  2  3 |
---------------+----------+-----
Necromancy     | 5 |  5.5
Dodging        | |  1.7
Stealth        | |  1.8
Spellcasting   | |  2.9

Action                   |  1- 3 |  4- 6 || total
-------------------------+-------+-------++-------
Melee: Unarmed           |     6 |       ||     6
       Dagger            |   102 |    30 ||   132
       Tailslap          |    13 |     4 ||    17
 Cast: Pain              |    28 |     2 ||    30
       Vampiric Draining |     3 |       ||     3
       Animate Skeleton  |     1 |       ||     1
  Use: Potion            |     2 |       ||     2
       Scroll            |       |     1 ||     1
 Stab: Sleeping          |     1 |       ||     1
  Eat: Chunk             |     1 |     1 ||     2
Armor: Skin              |    30 |    10 ||    40
Dodge: Dodged            |    66 |    18 ||    84

Table legend:
 A = Spawn XP
 B = Non-spawn XP
 C = Spawn XP percentage of total XP
 D = Spawn monster count
 E = Non-spawn monster count
 F = Spawn count percentage of total count
 G = Total turns spent on level
                    A         B        C        D         E        F      G
               +---------+---------+-------+---------+---------+-------+---------
         Total |       0 |     157 |   0.0 |       0 |      44 |   0.0 |  1112
               +---------+---------+-------+---------+---------+-------+---------
           D:1 |       0 |      31 |   0.0 |       0 |      13 |   0.0 |   470
           D:2 |       0 |      49 |   0.0 |       0 |      19 |   0.0 |   443
           D:3 |       0 |      15 |   0.0 |       0 |       8 |   0.0 |    67
           D:4 |       0 |      62 |   0.0 |       0 |       4 |   0.0 |   132
               +---------+---------+-------+---------+---------+-------+---------

Table legend:
 A = Turns spent in this place as a percentage of turns spent in the entire game.
 B = Non-inter-level travel turns spent in this place as a percentage of non-inter-level travel turns spent in the entire game.
 C = Inter-level travel turns spent in this place as a percentage of turns spent in this place.
 D = Turns resting spent in this place as a percentage of non-inter-level travel turns spent in this place.
 E = Turns spent auto-exploring this place as a percentage of non-inter-level travel turns spent in this place.
 F = Non-inter-level travel turns spent in this place divided by the number of levels of this place that you've seen.
                   A       B       C       D       E      F
               +-------+-------+-------+-------+-------+----------------------
         Total | 100.0 | 100.0 |   2.0 |   0.0 |   0.0 | 272.5
       Dungeon | 100.0 | 100.0 |   2.0 |   0.0 |   0.0 | 272.5
               +-------+-------+-------+-------+-------+----------------------

Table legend:
 A = Kills in this place as a percentage of kills in entire the game.
 B = Kills by you in this place as a percentage of kills by you in the entire game.
 C = Kills by friends in this place as a percentage of kills by friends in the entire game.
 D = Other kills in this place as a percentage of other kills in the entire game.
 E = Experience gained in this place as a percentage of experience gained in the entire game.
 F = Experience gained in this place divided by the number of levels of this place that you have seen.
                   A       B       C       D       E      F
               +-------+-------+-------+-------+-------+----------------------
         Total | 100.0 | 100.0 | 100.0 |   N/A | 100.0 |  39.2
       Dungeon | 100.0 | 100.0 | 100.0 |   N/A | 100.0 |  39.2
               +-------+-------+-------+-------+-------+----------------------

Vault maps used:
D:1:      roderic_crop_circles_arrival_small
D:2:      fiery_altar_vehumet
D:3:      grunt_gozag_statues
